 Dungeon Crawl Stone Soup version 0.22-a0-148-gf2798f9f4d (webtiles) character file.

326872 MrRokkomies the Sharpshooter (level 22, -3/179 HPs)
             Began as a Human Hunter on Feb 5, 2018.
             Was the Champion of Okawaru.
             Killed from afar by a deep elf knight (29 damage)
             ... with a stone arrow
             ... on level 4 of the Vaults on Feb 7, 2018.
             The game lasted 03:23:51 (55956 turns).

MrRokkomies the Sharpshooter (Human Hunter)        Turns: 55956, Time: 03:23:51

Health: -3/179     AC: 34    Str: 25    XL:     22   Next: 62%
Magic:  29/29      EV: 13    Int: 12    God:    Okawaru [******]
Gold:   1213       SH:  0    Dex: 15    Spells: 21/21 levels left

rFire    + + .     SeeInvis +   b - +8 trident of the Octopus King {venom, rElec rPois MR+}
rCold    + . .     Gourm    .   (no shield)
rNeg     + + +     Faith    .   S - +10 plate armour {rN+}
rPois    +         Spirit   .   T - +3 crown of Dyrovepreva {rElec Int+2 SInv}
rElec    +         Reflect  .   t - scarf {rC+ rF+}
rCorr    .         Harm     .   Q - +2 pair of gloves {Str+3}
MR       +++..                  I - +1 pair of boots {Fly}
Stlth    ..........             r - amulet of rage
HPRegen  0.39/turn              R - ring of Paev {+Fly rF+ rN+++ Int-3}
MPRegen  0.21/turn              h - ring of protection from magic

@: flying
A: horns 1, clever 1
}: 2/15 runes: decaying, serpentine
a: Heroism, Finesse, Renounce Religion, Evoke Berserk Rage, Stop Flying


You were on level 4 of the Vaults.
You worshipped Okawaru.
Okawaru was exalted by your worship.
You were very hungry.

You visited 7 branches of the dungeon, and saw 36 of its levels.
You visited 1 bazaar.
You also visited: Ossuary and Wizlab.

You collected 4506 gold pieces.
You spent 3293 gold pieces at shops.

Inventory:

Hand Weapons
 a - a +6 triple crossbow of flaming
 b - the +8 trident of the Octopus King (weapon) {venom, rElec rPois MR+}
   (You acquired it on level 8 of the Dungeon)

   It poisons the flesh of those it strikes.
   It insulates you from electricity.
   It protects you from poison.
   It affects your resistance to hostile enchantments.
 y - a +2 arbalest of freezing
 U - a +3 bardiche
Missiles
 d - 1288 bolts
 C - 2 throwing nets (quivered)
Armour
 t - a scarf of resistance (worn)
 A - a +2 cloak of poison resistance
 I - a +1 pair of boots of flying (worn)
 Q - a +2 pair of gloves of strength (worn)
 S - a +10 plate armour of positive energy (worn)
 T - the +3 crown of Dyrovepreva (worn) {rElec Int+2 SInv}
   (Okawaru gifted it to you on level 15 of the Dungeon)

   It affects your intelligence (+2).
   It insulates you from electricity.
   It lets you see invisible.
Jewellery
 h - a ring of protection from magic (right hand)
 i - a +3 ring of strength
 j - a +3 ring of strength
 r - an amulet of rage (around neck)
 w - an uncursed ring of fire
 E - an uncursed amulet of guardian spirit
 F - an uncursed ring of fire
 R - the ring of Paev (left hand) {+Fly rF+ rN+++ Int-3}
   (You took it off a naga on level 2 of the Snake Pit)

   [ring of flight]

   It affects your intelligence (-3).
   It protects you from fire.
   It renders you almost immune to negative energy.
   It lets you fly.
Wands
 m - a wand of polymorph (57)
 n - a wand of flame (19)
 o - a wand of enslavement (40)
 x - a wand of disintegration (15)
 B - a wand of random effects (38)
 D - a wand of acid (19)
 L - a wand of digging (28)
 M - a wand of iceblast (18)
 O - a wand of paralysis (32)
 X - a wand of scattershot (1)
Scrolls
 k - 5 scrolls of teleportation
 l - 3 scrolls of fog
 q - 2 scrolls of blinking
 v - 14 scrolls of remove curse
 H - 6 scrolls of fear
 K - 10 scrolls of identify
 N - a scroll of amnesia
Potions
 c - 2 potions of haste
 e - 3 potions of ambrosia
 g - 7 potions of resistance
 p - 2 potions of invisibility
 s - 10 potions of flight
 u - 4 potions of agility
 z - 10 potions of curing
 G - 4 potions of berserk rage
 J - a potion of cancellation
 W - a potion of might
Books
 Y - a Fen Folio

   Spells                             Type                      Level
   a - Corpse Rot                     Necromancy                   2
   b - Stone Arrow                    Conjuration/Earth            3
   c - Leda's Liquefaction            Hexes/Earth                  4
   d - Summon Forest                  Summoning/Translocation      5
   e - Hydra Form                     Transmutation                6
   f - Summon Hydra                   Summoning                    7
Miscellaneous
 V - a fan of gales
Comestibles
 f - 39 rations


   Skills:
 - Level 16.5 Fighting
 - Level 18.0 Polearms
 * Level 20.4 Crossbows
 * Level 12.4 Armour
 - Level 10.8 Dodging
 - Level 1.0 Stealth
 - Level 8.7 Invocations
 - Level 10.0 Evocations


You had 21 spell levels left.
You didn't know any spells.

Dungeon Overview and Level Annotations

Branches:
Dungeon (15/15)            Temple (1/1) D:4            Lair (6/6) D:8
  Swamp (4/4) Lair:4        Snake (4/4) Lair:2        Slime (0/5) Lair:6
    Orc (2/2) D:9             Elf (0/3) Orc:2        Vaults (4/5) D:13
  Crypt (0/3) Vaults:2     Depths (0/5) D:15

Altars:
Ashenzari
Cheibriados
Dithmenos
Elyvilon
Gozag
Hepliaklqana
Kikubaaqudgha
Makhleb
Nemelex Xobeh
Okawaru
Qazlal
Ru
Sif Muna
Trog
Uskayaw
Vehumet
Wu Jian
Xom
Zin
The Shining One

Shops:
D:5 (   D:12 =   Orc:1 (   Orc:2 !?(   Vaults:1 ?=(%   Vaults:4 ?

Portals:
Hell: Lair:6
Pandemonium: Orc:2
Trove: D:11 (give 8 potions of haste)


Innate Abilities, Weirdness & Mutations

You have a pair of small horns on your head.
Your mind is acute. (Int +2)


Message History

The deep elf archer looks as sick as possible!
Your headbutt misses the deep elf archer.
The deep elf archer is severely wounded.
The deep elf archer unwields an uncursed enchanted shortbow.
The deep elf archer wields an uncursed dagger.
The deep elf archer hits you but does no damage.
The deep elf knight gestures at you while chanting.
The orb of energy hits you!
The deep elf archer unwields an uncursed dagger.
The deep elf archer wields an uncursed enchanted shortbow.
The deep elf archer shoots an arrow.
The arrow closely misses you.
You see here an arrow.
Throwing (i - inventory)
C - 3 throwing nets (quivered)
Press: ? - help, Shift-Dir - straight line, f - deep elf knight
Aim: a deep elf knight, wielding a scimitar and wearing a shiny buckler You throw a throwing net.
The throwing net misses the deep elf knight.
The deep elf knight gestures at you while chanting.
The stone arrow hits you!
You die...

##..'.......#.....#.###.# #...
##.###############...#.# #'## ###
#.###.# #... ****** #.#,..# #>..
,,,,,* #.#*#.# #...
,,,**############### #.#,..# #...
,,,,,#((ee(((...(..# #.###.# #...
,,,**#(#e#########e# #.#...# #...
,,,,,#)#...#,,,#@.e# #.###.######
,,,**#e#####,**###(# #...........
,,,,,#EEe..#,,,#..)# #.##########
..C..'e#####,**###.# #.#.#.#.#.#.
...###e.,,,,,,,#..)# #.#[#.#.#.#.
.,,,,#.##**###*#.#.# #...........
,,,*##.(,*,#.#..(#.#########'####
,,,,,'.#,*,#.#####.'.#.....#)....
,..###.#,,,#.#...#.#....#...[....


You could see a deep elf archer and a deep elf knight.

Vanquished Creatures
  Frederick (Vaults:2)
  Xtahua (Vaults:2)
  Nikola (Snake:3)
  Asterion (Vaults:3)
  Agnes (D:15)
  The ghost of Roak the Bludgeoner, an adept MiGl of Uskayaw (Snake:1)
  6 nagarajas
  A tengu reaver (Vaults:4)
  2 thorn hunters
  A fire giant (Vaults:3)
  An orc warlord (Orc:1)
  3 frost giants
  4 vault wardens
  4 stone giants
  8 ironheart preservers
  A very ugly thing (Vaults:1)
  A deep elf demonologist (Vaults:3)
  3 deep elf annihilators
  An eidolon (Vaults:2)
  An ettin (D:15)
  3 fire dragons
  22 hydras
  9 yaktaur captains
  5 vault guards
  3 great orbs of eyes
  27 naga warriors
  12 centaur warriors
  3 ghost crabs
  7 alligators
  3 rakshasas
  The ghost of Xeen the Unseen, a journeyman SpEn of Dithmenos (D:13)
  11 anacondas
  A vampire mage (Vaults:2)
  9 ogre magi
  3 death knights
  31 two-headed ogres
  4 tengu warriors
  An alligator (shapeshifter) (Vaults:3)
  A death yak (Lair:5)
  6 deep troll shamans
  Urug (Lair:4)
  17 naga sharpshooters
  2 deep troll earth magi
  3 orc high priests (Orc:2)
  2 sun demons
  3 deep elf knights
  9 shock serpents
  3 salamander mystics (Snake:3)
  A shadow wraith (Vaults:2)
  An unseen horror (shapeshifter) (Vaults:1)
  13 deep trolls
  2 sixfirhies (Orc:2)
  A sea snake (Snake:1)
  10 skeletal warriors
  6 unseen horrors
  2 deep elf archers
  A flayed ghost (Vaults:1)
  5 wizards
  4 shambling mangroves
  4 glowing orange brains
  4 spriggan druids
  6 naga ritualists
  9 ironbrand convokers
  11 orc knights
  13 swamp dragons
  A phantasmal warrior (Vaults:2)
  2 necromancers
  30 ugly things
  8 deep elf magi
  2 cyclopes
  11 mana vipers
  10 orc sorcerers
  An orb spider (shapeshifter) (D:13)
  6 wolf spiders
  A salamander (shapeshifter) (Vaults:2)
  43 slime creatures
  A cyclops (shapeshifter) (Vaults:3)
  2 manticores
  A frost giant zombie (Vaults:3)
  16 salamanders
  An elephant (shapeshifter) (Vaults:4)
  19 elephants
  38 black mambas
  13 vault sentinels
  9 guardian serpents
  Maurice (D:9)
  A gargoyle (D:11)
  A rust devil (Vaults:1)
  2 orange demons (Lair:6)
  25 naga magi
  22 spiny frogs
  A spiny frog (shapeshifter) (D:15)
  A komodo dragon (shapeshifter) (Vaults:1)
  2 rime drakes
  5 freezing wraiths
  20 yaktaurs
  13 komodo dragons
  A hellwing (Lair:6)
  2 ice devils (Lair:6)
  2 red devils
  A yaktaur skeleton (Vaults:3)
  A troll (Orc:2)
  16 hornets
  3 tengu conjurers
  A harpy skeleton (D:14)
  12 blink frogs
  10 bog bodies
  2 meliai (shapeshifter)
  2 tyrant leeches (Swamp:1)
  11 hippogriffs
  Prince Ribbit (D:7)
  A meliai zombie (D:13)
  11 dream sheep (Lair:6)
  2 shadows
  An ettin skeleton (Vaults:3)
  7 spriggans
  4 wyverns
  10 wraiths
  6 basilisks
  A vampire (D:13)
  44 yaks
  2 ynoxinuls
  Eustachio (D:4)
  2 chaos spawn (Orc:2)
  12 vampire mosquitoes
  Menkaure (D:5)
  26 swamp worms
  85 nagas
  4 insubstantial wisps (Swamp:4)
  7 wargs
  2 soldier ants
  A deep troll zombie (Vaults:3)
  5 water moccasins
  5 hell hounds (Lair:6)
  A soldier ant (shapeshifter) (Vaults:2)
  3 porcupines
  34 orc warriors
  12 swamp drakes
  3 eyes of draining
  An ettin simulacrum (Vaults:2)
  3 phantoms
  A sky beast (D:12)
  The ghost of Banto the Vexing, an amateur FeEn (D:4)
  3 necrophages
  A black bear (D:12)
  5 ice beasts
  5 wolves (Lair:6)
  19 ogres
  12 centaurs
  7 boggarts
  12 crocodiles
  4 big kobolds
  14 bullfrogs
  2 wyvern zombies
  A glowing shapeshifter simulacrum (Vaults:1)
  2 wyvern skeletons
  5 scorpions
  12 killer bees (D:11)
  4 electric eels
  21 wights
  2 howler monkeys (D:6)
  2 bullfrog zombies (D:13)
  2 centaur zombies
  8 crimson imps
  10 jellies
  4 hounds
  37 orc priests
  2 bullfrog skeletons
  A gnoll shaman (D:5)
  A human zombie (D:7)
  Crazy Yiuf (D:4)
  5 centaur skeletons
  3 iguanas
  Ijyb (D:4)
  3 human skeletons (D:7)
  21 orc wizards
  7 worker ants
  A big kobold zombie (Ossuary)
  An ogre zombie (D:7)
  A hound skeleton (D:8)
  A hound zombie (D:9)
  11 mummies
  A howler monkey zombie (D:6)
  16 gnolls
  18 adders
  2 howler monkey skeletons
  4 shadow imps
  An ooze (Lair:6)
  An adder skeleton (D:5)
  A worm (D:2)
  2 dart slugs
  6 leopard geckos
  78 orcs
  7 giant cockroaches
  9 goblins
  11 hobgoblins
  15 jackals
  A quokka (D:7)
  10 bats
  7 frilled lizards
  3 hobgoblin zombies (Ossuary)
  30 kobolds
  2 kobold zombies (Ossuary)
  A leopard gecko zombie (D:8)
  2 orc zombies (Ossuary)
  13 rats
  A fungus (Lair:6)
  A plant (D:3)
1508 creatures vanquished.

Vanquished Creatures (collateral kills)
  A deep elf sorcerer (Vaults:3)
  An ironheart preserver (Vaults:3)
  A crystal guardian (Vaults:3)
  A deep elf death mage (Vaults:3)
  A swamp worm (Swamp:3)
5 creatures vanquished.

Vanquished Creatures (others)
  A shock serpent (Snake:4)
  A spriggan druid (Swamp:4)
  A swamp dragon (Swamp:4)
  A naga (Snake:2)
  3 insubstantial wisps (Swamp:4)
  A swamp worm (Swamp:4)
  An ogre (Vaults:3)
  29 fungi
  30 plants
68 creatures vanquished.

Grand Total: 1581 creatures vanquished

Notes
Turn   | Place    | Note
-------+----------+-------------------------------------------
     0 | D:1      | MrRokkomies the Human Hunter began the quest for the Orb.
     0 | D:1      | Reached XP level 1. HP: 16/16 MP: 1/1
    73 | D:1      | Reached XP level 2. HP: 23/23 MP: 2/2
   516 | D:1      | Reached XP level 3. HP: 27/28 MP: 3/3
  1568 | D:2      | Reached XP level 4. HP: 34/35 MP: 4/4
  1593 | D:2      | Found a shimmering altar of Xom.
  1738 | D:2      | Found a radiant altar of Vehumet.
  2210 | D:3      | Reached skill level 5 in Crossbows
  2514 | D:3      | Reached XP level 5. HP: 37/41 MP: 5/5
  2614 | D:3      | Reached skill level 1 in Evocations
  2948 | D:4      | Noticed Ijyb
  2951 | D:4      | Paralysed by Ijyb for 6 turns
  2964 | D:4      | Paralysed by Ijyb for 4 turns
  2971 | D:4      | Killed Ijyb
  3165 | D:4      | Noticed Eustachio
  3177 | D:4      | Killed Eustachio
  3177 | D:4      | Reached XP level 6. HP: 48/48 MP: 8/8
  3321 | D:4      | Noticed Banto's ghost (amateur FeEn)
  3329 | D:4      | Killed Banto's ghost
  3329 | D:4      | Reached XP level 7. HP: 54/54 MP: 9/9
  3369 | D:4      | Found a runed door.
  3373 | D:4      | Noticed Crazy Yiuf
  3380 | D:4      | Killed Crazy Yiuf
  3527 | D:4      | Found a staircase to the Ecumenical Temple.
  3535 | Temple   | Entered the Ecumenical Temple
  3552 | Temple   | Became a worshipper of Warmaster Okawaru
  3636 | D:4      | Found a bloodstained altar of Trog.
  3766 | D:4      | Got a slimy trident
  3767 | D:4      | Identified the +8 trident "Jiecanij" {pierce, +Inv Int+4} (You found it on level 4 of the Dungeon)
  3857 | D:4      | Found a deep blue altar of Sif Muna.
  3882 | D:4      | Identified Sif Muna's Guide on Evil Rituals
  3922 | D:5      | Entered Level 5 of the Dungeon
  3950 | D:5      | Found a sand-covered staircase.
  3967 | D:5      | Got a fine ring mail
  3980 | Ossuary  | Entered an ossuary
  3991 | Ossuary  | Identified the +0 ring mail "Yrchucloe" {rC++ Dex-5} (You found it on level 5 of the Dungeon)
  4469 | D:5      | Reached XP level 8. HP: 60/60 MP: 11/11
  4483 | D:5      | Reached * piety under Okawaru
  4554 | D:5      | Found a shattered altar of Ashenzari.
  4557 | D:5      | Reached skill level 5 in Evocations
  4691 | D:5      | Found Icwafoss's Weapon Boutique.
  4712 | D:5      | Found a snail-covered altar of Cheibriados.
  4718 | D:5      | Reached skill level 5 in Armour
  4832 | D:5      | Noticed Menkaure
  4836 | D:5      | Killed Menkaure
  5224 | D:6      | Reached XP level 9. HP: 65/65 MP: 13/13
  5361 | D:6      | Reached ** piety under Okawaru
  5480 | D:6      | Reached skill level 1 in Polearms
  5538 | D:6      | Gained mutation: Your mind is acute. (Int +2) [potion of mutation]
  5538 | D:6      | Lost mutation: Your mind is acute. (Int +2) [potion of mutation]
  5538 | D:6      | Gained mutation: You have a pair of small horns on your head. [potion of mutation]
  5538 | D:6      | Gained mutation: Your mind is acute. (Int +2) [potion of mutation]
  5793 | D:7      | Noticed a two-headed ogre
  5798 | D:7      | Killed a two-headed ogre
  5798 | D:7      | Reached *** piety under Okawaru
  5798 | D:7      | Received a gift from Okawaru
  6443 | D:7      | Found a sacrificial altar of Ru.
  6451 | D:7      | Noticed Prince Ribbit
  6455 | D:7      | Killed Prince Ribbit
  6455 | D:7      | Reached skill level 5 in Polearms
  6455 | D:7      | Reached XP level 10. HP: 68/71 MP: 15/15
  6597 | D:7      | Reached **** piety under Okawaru
  6598 | D:7      | Found an ancient bone altar of Kikubaaqudgha.
  6653 | D:7      | Received a gift from Okawaru
  7030 | D:8      | Found a bloodstained altar of Trog.
  7152 | D:8      | Noticed an elephant
  7166 | D:8      | Killed an elephant
  7197 | D:8      | Reached skill level 10 in Armour
  7199 | D:8      | Found a staircase to the Lair.
  7211 | D:8      | Received a gift from Okawaru
  7423 | D:8      | Noticed a two-headed ogre
  7436 | D:8      | Killed a two-headed ogre
  7436 | D:8      | Received a gift from Okawaru
  7436 | D:8      | Reached XP level 11. HP: 43/77 MP: 16/16
  8131 | Lair:1   | Entered Level 1 of the Lair of Beasts
  8191 | Lair:1   | Reached ***** piety under Okawaru
  8191 | Lair:1   | Received a gift from Okawaru
  8952 | Lair:1   | Received a gift from Okawaru
  8953 | Lair:1   | Got a pair of ichor-stained boots {god gift}
  8959 | Lair:1   | Identified the +3 pair of boots of Masochism {rF- rC+ Str+8 Stlth+} (Okawaru gifted it to you on level 1 of the Lair of Beasts)
  9070 | Lair:2   | Reached skill level 5 in Fighting
  9283 | Lair:2   | Found a staircase to the Snake Pit.
  9637 | Lair:2   | Reached skill level 10 in Polearms
 10311 | Lair:3   | Noticed a wolf spider
 10347 | Lair:3   | Reached XP level 12. HP: 69/89 MP: 17/17
 11439 | Lair:4   | Got a pair of ancient gloves
 11454 | Lair:4   | Identified the +1 pair of gloves "Iriloaw" {rC- Dex+5} (You found it on level 4 of the Lair of Beasts)
 11540 | Lair:4   | Noticed Urug
 11562 | Lair:4   | Received a gift from Okawaru
 11571 | Lair:4   | Killed Urug
 11808 | Lair:4   | Received a gift from Okawaru
 12244 | Lair:4   | Found a staircase to the Swamp.
 12486 | Lair:5   | Reached skill level 1 in Invocations
 12508 | Lair:5   | Received a gift from Okawaru
 12533 | Lair:4   | Reached XP level 13. HP: 82/103 MP: 18/18
 12757 | Lair:5   | Reached ****** piety under Okawaru
 12757 | Lair:5   | Reached skill level 10 in Fighting
 12798 | Lair:5   | Reached skill level 5 in Invocations
 13215 | Lair:5   | Received a gift from Okawaru
 13626 | Lair:6   | Entered Level 6 of the Lair of Beasts
 13626 | Lair:6   | Noticed an eight-headed hydra
 13626 | Lair:6   | Noticed a seven-headed hydra
 13637 | Lair:5   | Killed an eight-headed hydra
 13646 | Lair:6   | Killed a seven-headed hydra
 14202 | Lair:6   | Noticed a five-headed hydra
 14209 | Lair:6   | Killed a five-headed hydra
 14462 | Lair:6   | Reached XP level 14. HP: 89/115 MP: 20/20
 14504 | Lair:6   | Received a gift from Okawaru
 14534 | Lair:6   | Found a staircase to the Slime Pits.
 15595 | Lair:6   | Found a burning altar of Makhleb.
 15601 | Lair:6   | Found a gateway to Hell.
 15918 | D:8      | Identified 3 scrolls of acquirement
 15919 | D:8      | Found the +8 trident of the Octopus King {venom, rElec rPois MR+}
 15928 | D:8      | Got a translucent glaive
 15929 | D:8      | Identified the +0 glaive of Autumn {freeze, *Drain rElec Str-4 Stlth+} (You acquired it on level 8 of the Dungeon)
 16006 | D:9      | Noticed Maurice
 16043 | D:9      | Killed Maurice
 16163 | D:9      | Found a sparkling altar of Nemelex Xobeh.
 16177 | D:9      | Found a staircase to the Orcish Mines.
 16675 | D:9      | Found a glowing silver altar of Zin.
 16783 | Orc:1    | Entered Level 1 of the Orcish Mines
 16799 | Orc:1    | Noticed an orc warlord
 16816 | Orc:1    | Killed an orc warlord
 17483 | Orc:1    | Found Idwynet's Antique Weapon Shoppe.
 17514 | Orc:1    | Bought a brightly glowing hand crossbow for 280 gold pieces
 17514 | Orc:1    | Identified the cursed +1 hand crossbow "Vuakotod" {flame, rF++ MR+ Str-3} (You bought it in a shop on level 1 of the Orcish Mines)
 17649 | Orc:2    | Entered Level 2 of the Orcish Mines
 17671 | Orc:2    | Received a gift from Okawaru
 18129 | Orc:2    | Found Botan's Distillery.
 18135 | Orc:2    | Found Kuchima's Magic Scroll Boutique.
 18440 | Orc:2    | Reached skill level 10 in Evocations
 18497 | Orc:2    | Reached XP level 15. HP: 51/125 MP: 22/22
 18940 | Orc:2    | Found a staircase to the Elven Halls.
 19043 | Orc:2    | Reached skill level 6 in Crossbows
 19064 | Orc:2    | Received a gift from Okawaru
 19607 | Orc:2    | Found Xuagh's Gadget Emporium.
 19607 | Orc:2    | Found Reepatwi's Antique Weapon Shoppe.
 19608 | Orc:2    | Found a one-way gate leading to the halls of Pandemonium.
 19793 | Orc:2    | Bought a runed glaive for 361 gold pieces
 19956 | D:10     | Entered Level 10 of the Dungeon
 20027 | D:10     | Reached skill level 7 in Crossbows
 20692 | D:11     | Received a gift from Okawaru
 20693 | D:11     | Got a scorched hat {god gift}
 20699 | D:11     | Identified the -4 hat of the Sun {rElec rN+ MR+} (Okawaru gifted it to you on level 11 of the Dungeon)
 20853 | D:11     | Found a shimmering altar of Xom.
 20940 | D:11     | Found a portal to a secret trove of treasure.
 20995 | D:11     | Reached skill level 8 in Crossbows
 21475 | D:12     | Found Elufriri's Jewellery Emporium.
 21505 | D:12     | Bought an uncursed amulet of guardian spirit for 390 gold pieces
 21830 | D:12     | Reached skill level 15 in Fighting
 22069 | D:13     | Reached skill level 9 in Crossbows
 22443 | D:13     | Noticed Xeen's ghost (journeyman SpEn)
 22463 | D:13     | Killed Xeen's ghost
 22910 | D:13     | Reached XP level 16. HP: 136/136 MP: 23/23
 22945 | D:13     | Found a gate to the Vaults.
 23185 | D:14     | Received a gift from Okawaru
 23219 | D:14     | Reached skill level 10 in Crossbows
 23318 | D:14     | Received a gift from Okawaru
 23775 | D:15     | Entered Level 15 of the Dungeon
 23775 | D:15     | Noticed Agnes
 23790 | D:15     | Killed Agnes
 24177 | D:15     | Received a gift from Okawaru
 24247 | D:15     | Reached skill level 11 in Crossbows
 24271 | D:15     | Received a gift from Okawaru
 24295 | D:15     | Found a staircase to the Depths.
 24542 | D:15     | Received a gift from Okawaru
 24543 | D:15     | Found the +3 crown of Dyrovepreva {rElec Int+2 SInv}
 24698 | D:15     | Found an opulent altar of Gozag.
 25235 | Swamp:1  | Entered Level 1 of the Swamp
 25918 | Swamp:1  | Reached skill level 12 in Crossbows
 26335 | Swamp:2  | Reached XP level 17. HP: 140/145 MP: 24/24
 26435 | Swamp:2  | Found an ornate altar of the Wu Jian Council.
 26697 | Swamp:2  | Noticed a thorn hunter
 26704 | Swamp:2  | Killed a thorn hunter
 27204 | Swamp:3  | Noticed a thorn hunter
 27404 | Swamp:3  | Killed a thorn hunter
 27735 | Swamp:3  | Received a gift from Okawaru
 28315 | Swamp:3  | Received a gift from Okawaru
 29064 | Swamp:4  | Entered Level 4 of the Swamp
 29108 | Swamp:3  | Upgraded the game from 0.22-a0-142-g91cc6d715c to 0.22-a0-144-ge17c9578eb
 29120 | Swamp:3  | Reached skill level 13 in Crossbows
 29441 | Swamp:3  | Received a gift from Okawaru
 30795 | Swamp:4  | Reached skill level 14 in Crossbows
 30820 | Swamp:4  | Reached XP level 18. HP: 147/153 MP: 25/25
 30946 | Swamp:4  | Got a decaying rune of Zot
 31663 | Snake:1  | Entered Level 1 of the Snake Pit
 32420 | Snake:1  | Received a gift from Okawaru
 32512 | Snake:1  | Received a gift from Okawaru
 32856 | Snake:1  | Noticed Roak's ghost (adept MiGl)
 32879 | Snake:1  | Killed Roak's ghost
 33221 | Snake:1  | Received a gift from Okawaru
 33315 | Snake:1  | Reached skill level 15 in Polearms
 33553 | Snake:1  | Reached skill level 15 in Crossbows
 34628 | Snake:2  | Received a gift from Okawaru
 35418 | Snake:2  | Reached XP level 19. HP: 159/159 MP: 26/26
 35610 | Snake:2  | Received a gift from Okawaru
 36211 | Snake:2  | Reached skill level 16 in Crossbows
 36435 | Snake:2  | Received a gift from Okawaru
 36457 | Snake:2  | Got a smoking wooden ring
 36700 | Snake:3  | Noticed Nikola
 36712 | Snake:3  | Killed Nikola
 37075 | Snake:3  | Received a gift from Okawaru
 37516 | Snake:3  | Received a gift from Okawaru
 38724 | Snake:3  | Received a gift from Okawaru
 39720 | Vaults:1 | Entered Level 1 of the Vaults
 40027 | Vaults:1 | Received a gift from Okawaru
 40146 | Vaults:1 | Found a magical portal.
 40148 | Vaults:1 | Found Axkujoy's Food Shoppe.
 40157 | WizLab   | Entered The Hall of the Hellbinder
 40369 | Vaults:1 | Got a heavily runed plate armour
 40370 | Vaults:1 | Identified the cursed +1 plate armour "Doqadual" {rPois rF+ Stlth-} (You found it on level 1 of the Vaults)
 40372 | Vaults:1 | Identified the ring of Paev {+Fly rF+ rN+++ Int-3} (You took it off a naga on level 2 of the Snake Pit)
 40793 | Vaults:1 | Reached skill level 17 in Crossbows
 41175 | Vaults:1 | Received a gift from Okawaru
 41225 | Vaults:1 | Reached XP level 20. HP: 127/166 MP: 27/27
 41772 | Vaults:1 | Found Xeanexat's Antique Weapon Boutique.
 41852 | Vaults:1 | Found Roirharuba's Jewellery Shop.
 41853 | Vaults:1 | Found Nujuhogh's Magic Scroll Shop.
 41871 | Vaults:1 | Bought a scroll of enchant weapon for 90 gold pieces
 42600 | Vaults:1 | Upgraded the game from 0.22-a0-144-ge17c9578eb to 0.22-a0-148-gf2798f9f4d
 43463 | Vaults:2 | HP: 3/166 [two-headed ogre/giant spiked club (8)]
 44241 | Vaults:2 | Noticed Xtahua
 44260 | Vaults:2 | Killed Xtahua
 44462 | Vaults:2 | Noticed Frederick
 44471 | Vaults:2 | Killed Frederick
 44471 | Vaults:2 | Received a gift from Okawaru
 44604 | Vaults:2 | Reached skill level 18 in Crossbows
 45159 | Vaults:2 | Reached skill level 5 in Dodging
 45968 | Vaults:2 | Found a staircase to the Crypt.
 46191 | Vaults:2 | Reached XP level 21. HP: 167/172 MP: 28/28
 46420 | Vaults:2 | Received a gift from Okawaru
 46428 | Vaults:2 | Got a pair of ancient gloves {god gift}
 46429 | Vaults:2 | Identified the +0 pair of gloves "Bofut" {rF- MP+9 Str+3 Dex+8} (Okawaru gifted it to you on level 2 of the Vaults)
 48068 | Vaults:3 | Noticed Asterion
 48095 | Vaults:3 | Killed Asterion
 48692 | Vaults:3 | Reached skill level 19 in Crossbows
 49514 | Vaults:3 | Received a gift from Okawaru
 49519 | Vaults:3 | Got an ichor-stained chain mail {god gift}
 50165 | Snake:4  | Entered Level 4 of the Snake Pit
 50415 | Snake:4  | Identified the +3 chain mail "Jith" {Dex+4} (Okawaru gifted it to you on level 3 of the Vaults)
 51555 | Snake:4  | Reached skill level 10 in Dodging
 52363 | Snake:4  | Reached XP level 22. HP: 116/179 MP: 29/29
 52868 | Snake:4  | Got a serpentine rune of Zot
 54478 | Vaults:4 | Reached skill level 20 in Crossbows
 54544 | Vaults:4 | Found Xoucaugoha's Magic Scroll Shop.
 54656 | Vaults:4 | Found a flickering gateway to a bazaar.
 54660 | Bazaar   | Entered a bazaar
 54665 | Bazaar   | Found Ustrar's Antique Armour Shop.
 54701 | Bazaar   | Found Weywi's Jewellery Shop.
 54723 | Bazaar   | Bought a glowing crystal plate armour for 1992 gold pieces
 54723 | Bazaar   | Bought a pair of glowing boots for 180 gold pieces
 54814 | Vaults:4 | Received a gift from Okawaru
 54965 | Vaults:4 | Received a gift from Okawaru
 55003 | Vaults:4 | Got an ancient arbalest {god gift}
 55004 | Vaults:4 | Identified the +1 arbalest of Optimality {venom, Str+2 Int+4 Dex+2 Stlth+} (Okawaru gifted it to you on level 4 of the Vaults)
 55956 | Vaults:4 | Killed from afar by a deep elf knight

Vault maps used:
D:1:      dpeg_arrival_rhombi
D:2:      lemuel_doored_altar, vehumet_crystals, roderic_lattice_a
D:3:      first_ration, lexackson_kobold_supper
D:4:      led_sif_book, minmay_temple_entry_junction, dk_vineyard_2,
          trog_hazing_becter, uniq_ijyb, uniq_crazy_yiuf_cottage, uniq_eustachio
D:5:      nicolae_ashenzari_panopticon, nicolae_ossuary_entry_ruins,
          serial_shops, kennysheep_little_box, kennysheep_slug_shrine,
          uniq_menkaure
D:7:      nicolae_ru_sacrificial_ziggurat, lemuel_mausoleum_altar_kikubaaqudgha,
          grunt_ogre_cave, uniq_prince_ribbit1
D:8:      nicolae_overflow_crystal_walls, david_lair_generic
D:9:      zin_statuary, erik_orc_4, nemelex_xobeh_ov_fountains_minmay,
          uniq_maurice
D:10:     kennysheep_generic_room_6
D:11:     enter_trove_1, xom_teletrap_fun
D:12:     serial_shops, shop
D:13:     david_vaults_5
D:14:     moated_statue
D:15:     hangedman_depths_entry_civil_slaughter, grunt_gozag_breadcrumbs,
          uniq_agnes
Temple:   eino_temple_water
Lair:1:   lemuel_fruit_fields
Lair:2:   minmay_snake_entry_spellcaster, st_stairs_10
Lair:3:   minmay_lair_venomous_thicket, infiniplex_staircase_pool,
          grunt_megastairs_1
Lair:4:   nicolae_swamp_entry_splash_gauntlet, uniq_urug
Lair:5:   beast_lair_carwin_4
Lair:6:   evil_forest, nicolae_slime_entry_slimehenge, lemuel_fruit_tree
Swamp:1:  evilmike_swamp_ruin_house_4, infiniplex_staircase_pool_2
Swamp:2:  nicolae_swamp_godswood
Swamp:3:  evilmike_swamp_ruin_rubble_1
Swamp:4:  swamp
Snake:1:  serial_bayou_pond_e, serial_bayou_shore_a
Snake:2:  nrook_guardian_serpent_snake_passage, hangedman_snake_sidewinding
Snake:3:  uniq_nikola
Snake:4:  minmay_snake_end_coiled, nicolae_large_snake_swirl
Orc:1:    serial_shops, nicolae_shop_behind_doors
Orc:2:    pf_orc_diabolical
Vaults:1: v_misc_30, vaults_room_semicircle, grunt_vaults_hallway_long,
          nicolae_vaults_little_squares_3, nicolae_vaults_ninety_degrees,
          ontoclasm_vaults_eye, nicolae_vaults_murderbox, vaults_mumra_lcd,
          ontoclasm_vaults_hangar, vaults_mumra_chevron,
          nicolae_vaults_network_s, vaults_room_hallway, v_misc_18,
          ontoclasm_vaults_ring_square, hangedman_vaults_slither,
          nicolae_vaults_little_squares_1, grunt_vaults_hallway_short,
          ontoclasm_vaults_decontamination, serial_shops,
          nicolae_shop_behind_doors, nicolae_shop_competitors_out_of_business,
          shop, shop, mu_enter_wizlab_6
Vaults:2: hangedman_vaults_nodes, minmay_crypt_entry_simple_corners,
          vaults_room_boxed, v_misc_9, vaults_mumra_hex, v_misc_19,
          grunt_vaults_twisty, vaults_room_corners, vaults_dpeg_encased_lava,
          uniq_xtahua, uniq_frederick
Vaults:3: hangedman_vaults_stream, nicolae_vaults_angled_halls,
          nicolae_vaults_hallways_thing, ontoclasm_vaults_spin, v_misc_18,
          v_misc_25, vaults_room_pool, hangedman_vaults_stretched_pinwheel,
          v_pattern_3, nicolae_vaults_little_squares_6, v_misc_12,
          vaults_room_pools, uniq_asterion
Vaults:4: hangedman_vaults_trim, nicolae_vaults_inception_network,
          nicolae_vaults_network_quinsquares, nicolae_vaults_network_periphery,
          vaults_room_corners, vaults_dpeg_diagonal, v_misc_30,
          vaults_room_large_hall, nicolae_vaults_big_angled_halls,
          hangedman_vaults_stitches, serial_shops, bzr_entry_dummy, shop
Bazaar:   bazaar_jpeg_cross
Ossuary:  ossuary_tomb_3
WizLab:   wizlab_demon

Skill      XL: |  1  2  3  4  5  6  7  8  9 10 11 12 13 14 15 16 17 18 19 20 21 22 |
---------------+-------------------------------------------------------------------+-----
Fighting       | 3 4 6 9 12 13 15 16 | 16.5
Crossbows      | 5 9 12 14 15 17 18 19 20 | 20.4
Evocations     | 2 3 4 6 10 | 10.0
Armour         | 2 4 6 8 10 11 12 | 12.4
Polearms       | 5 8 10 12 14 15 17 18 | 18.0
Invocations    | 2 8 |  8.7
Dodging        | 6 10 | 10.8
Stealth        | |  1.0

Action                   |  1- 3 |  4- 6 |  7- 9 | 10-12 | 13-15 | 16-18 | 19-21 | 22-24 || total
-------------------------+-------+-------+-------+-------+-------+-------+-------+-------++-------
Melee: Short sword       |    84 |       |       |       |       |       |       |       ||    84
       Dagger            |    67 |   286 |    43 |       |       |       |       |       ||   396
       Trident           |       |       |   175 |   465 |  1340 |  1154 |  1522 |   268 ||  4924
       Headbutt          |       |       |     2 |   114 |   365 |   410 |   403 |    59 ||  1353
       Bardiche          |       |       |       |       |       |   165 |    11 |       ||   176
       Punch             |       |       |       |       |       |       |     2 |       ||     2
 Fire: Hand crossbow     |    15 |    37 |    33 |    38 |    72 |       |       |       ||   195
       Arbalest          |       |       |       |       |     9 |   297 |   266 |       ||   572
       Triple crossbow   |       |       |       |       |       |       |   292 |   124 ||   416
Throw: Throwing net      |       |       |       |       |     3 |       |     3 |     1 ||     7
Invok: Finesse           |       |       |       |       |     1 |     1 |     4 |       ||     6
       Heroism           |       |       |       |       |       |     1 |     4 |       ||     5
Evoke: Wand              |       |     5 |     3 |     1 |     4 |     3 |     5 |     3 ||    24
       Fan of gales      |       |       |       |       |       |       |     1 |       ||     1
  Use: Scroll            |     3 |     7 |    10 |     5 |    13 |    11 |    20 |     4 ||    73
       Potion            |       |     1 |     2 |     5 |     4 |     4 |     5 |       ||    21
 Stab: Paralysed         |       |    12 |     7 |       |       |       |       |       ||    19
       Held in net/web   |       |       |       |       |     2 |       |     2 |       ||     4
       Distracted        |       |       |       |       |       |     2 |     1 |       ||     3
       Confused          |       |       |       |       |       |     2 |       |       ||     2
  Eat: Chunk             |     2 |     6 |     7 |    20 |    27 |    17 |    20 |     7 ||   106
       Ration            |       |       |     1 |       |     2 |     7 |    10 |     1 ||    21
Armor: Ring mail         |    74 |    93 |       |       |       |       |       |       ||   167
       Leather armour    |     5 |       |       |       |       |       |       |       ||     5
       Plate armour      |       |    27 |   146 |   220 |   769 |  1135 |  1012 |   123 ||  3432
       Skin              |       |       |       |       |     1 |       |       |       ||     1
Dodge: Dodged            |   173 |   144 |    64 |   134 |   340 |   530 |   536 |    92 ||  2013

Table legend:
 A = Spawn XP
 B = Non-spawn XP
 C = Spawn XP percentage of total XP
 D = Spawn monster count
 E = Non-spawn monster count
 F = Spawn count percentage of total count
 G = Total turns spent on level
                    A         B        C        D         E        F      G
               +---------+---------+-------+---------+---------+-------+---------
         Total |       0 |  559682 |   0.0 |       0 |    1515 |   0.0 | 55956
               +---------+---------+-------+---------+---------+-------+---------
           D:1 |       0 |      43 |   0.0 |       0 |      25 |   0.0 |  1117
           D:2 |       0 |      37 |   0.0 |       0 |      19 |   0.0 |   979
           D:3 |       0 |     101 |   0.0 |       0 |      41 |   0.0 |   845
           D:4 |       0 |     545 |   0.0 |       0 |      17 |   0.0 |   935
           D:5 |       0 |     618 |   0.0 |       0 |      19 |   0.0 |   541
           D:6 |       0 |     803 |   0.0 |       0 |      16 |   0.0 |   839
           D:7 |       0 |    2892 |   0.0 |       0 |      31 |   0.0 |  1228
           D:8 |       0 |    3076 |   0.0 |       0 |      26 |   0.0 |  1298
           D:9 |       0 |    4621 |   0.0 |       0 |      78 |   0.0 |  1473
          D:10 |       0 |    3264 |   0.0 |       0 |      29 |   0.0 |   700
          D:11 |       0 |    8258 |   0.0 |       0 |      52 |   0.0 |   900
          D:12 |       0 |    5187 |   0.0 |       0 |      29 |   0.0 |   671
          D:13 |       0 |   13134 |   0.0 |       0 |      49 |   0.0 |  1119
          D:14 |       0 |   12048 |   0.0 |       0 |      26 |   0.0 |   798
          D:15 |       0 |   17889 |   0.0 |       0 |      38 |   0.0 |  1226
        Lair:1 |       0 |    2681 |   0.0 |       0 |      12 |   0.0 |  1010
        Lair:2 |       0 |    6326 |   0.0 |       0 |      22 |   0.0 |  2358
        Lair:3 |       0 |    6793 |   0.0 |       0 |      32 |   0.0 |  1225
        Lair:4 |       0 |    5006 |   0.0 |       0 |      18 |   0.0 |  1292
        Lair:5 |       0 |    8680 |   0.0 |       0 |      20 |   0.0 |  1059
        Lair:6 |       0 |   21213 |   0.0 |       0 |      72 |   0.0 |  2170
       Swamp:1 |       0 |    9652 |   0.0 |       0 |      20 |   0.0 |  1072
       Swamp:2 |       0 |   11272 |   0.0 |       0 |      23 |   0.0 |  1289
       Swamp:3 |       0 |   20046 |   0.0 |       0 |      54 |   0.0 |  2311
       Swamp:4 |       0 |   27640 |   0.0 |       0 |      67 |   0.0 |  1667
       Snake:1 |       0 |   30264 |   0.0 |       0 |      60 |   0.0 |  2088
       Snake:2 |       0 |   40906 |   0.0 |       0 |      65 |   0.0 |  2026
       Snake:3 |       0 |   28105 |   0.0 |       0 |      48 |   0.0 |  2891
       Snake:4 |       0 |   39240 |   0.0 |       0 |      84 |   0.0 |  3047
         Orc:1 |       0 |    4523 |   0.0 |       0 |      25 |   0.0 |   663
         Orc:2 |       0 |   16172 |   0.0 |       0 |      75 |   0.0 |  1912
      Vaults:1 |       0 |   47749 |   0.0 |       0 |      91 |   0.0 |  4317
      Vaults:2 |       0 |   71823 |   0.0 |       0 |      92 |   0.0 |  4397
      Vaults:3 |       0 |   49583 |   0.0 |       0 |      75 |   0.0 |  2443
      Vaults:4 |       0 |   39109 |   0.0 |       0 |      48 |   0.0 |  1334
       Ossuary |       0 |     175 |   0.0 |       0 |      16 |   0.0 |   445
        WizLab |       0 |     208 |   0.0 |       0 |       1 |   0.0 |   111
               +---------+---------+-------+---------+---------+-------+---------
